AoeStats
← Reis

Arena

509622551Analyzed
4v4 RM · 5d ago on Sep 27, 2026· 23m 46s· 8 players
Game mode
Random Map
Map size
Large (8 player)
Population
200
Speed
Normal
Resources
Standard
Victory
Conquest
Starting age
Dark Age
Ending age
Imperial Age
RankedLock teamsTeams togetherTeam positionsShared explorationLock speedFull tech treeHidden civsTurbo modeCheats
Victory
Defeat
🇦🇷 Gurjaras · Argentina
1336
+13
🇦🇷 Magyars · Argentina
1273
+16
🇦🇷 Spanish · Argentina
1255
+16
🇦🇷 Bohemians · Argentina
1201
+19
🇨🇭 Bulgarians · Switzerland
1328
-18
🇦🇺 Romans · Australia
1284
-17
🇭🇰 Danes · Hong Kong SAR China
1237
-15
🇭🇰 Varangians · Hong Kong SAR China
1213
-14
VZ | Awoken
10:22 Feudal Age
9:52 Loom
14:30 Castle Age
13:10 Double-Bit Axe
[TBArg] kaos_leo
10:55 Feudal Age
14:41 Castle Age
12:47 Double-Bit Axe
14:07 Horse Collar
15:29 Gold Mining
20:19 Loom
VZ | Facuaoe
7:54 Loom
10:06 Feudal Age
14:30 Castle Age
PedritoFurioso
8:41 Loom
11:03 Feudal Age
11:11 Loom
12:00 Horse Collar
14:46 Castle Age
15:08 Scale Barding Armor
15:40 Double-Bit Axe
16:51 Wheelbarrow
16:45 Husbandry
17:23 Wheelbarrow
17:39 Horse Collar
18:52 Gold Mining
21:18 Town Watch
Azriel
0:26 Loom
11:52 Feudal Age
15:45 Castle Age
13:54 Double-Bit Axe
16:08 Wheelbarrow
15:22 Town Watch
15:46 Town Watch
16:36 Bow Saw
17:23 Wheelbarrow
17:28 Horse Collar
22:36 Scale Barding Armor
Reis
9:59 Feudal Age
14:19 Castle Age
13:19 Loom
13:58 Scale Barding Armor
14:15 Forging
17:39 Fletching
Theodore
10:10 Feudal Age
11:15 Double-Bit Axe
14:23 Castle Age
12:16 Loom
17:16 Scale Mail Armor
Alicat
10:16 Feudal Age
11:53 Double-Bit Axe
14:27 Castle Age
13:39 Horse Collar
15:59 Bow Saw
19:44 Man-at-Arms
20:28 Scale Mail Armor
20:41 Long Swordsman
22:23 Chain Mail Armor
22:19 Squires
22:18 Pikeman
Connection lost

Rejoining the realm…

Still unreachable

The connection could not be restored.

Session expired

The server has moved on; the page needs a fresh start.